 Dungeon Crawl Stone Soup version 0.25-a0-670-g50981ef59b (webtiles) character file.

Game seed: 4479254277573074485, levelgen mode: deterministic

47575 MisterFreud the Warrior (level 14, -4/78 HPs)
             Began as a Felid Berserker on Mar 28, 2020.
             Was the Champion of Trog.
             Slain by a wolf spider (18 damage)
             ... on level 2 of the Spider Nest on Mar 29, 2020.
             The game lasted 01:31:49 (40736 turns).

MisterFreud the Warrior (Felid Berserker)          Turns: 40736, Time: 01:31:49

Health: -4/78      AC:  3    Str: 13    XL:     14   Next: 9%
Magic:  22/22      EV: 33    Int: 11    God:    Trog [******]
Gold:   1364       SH:  0    Dex: 20    Spells: 13/13 levels left
                                        Lives:  0   Deaths: 4

rFire    . . .     SeeInvis +     - Unarmed
rCold    + . .     Gourm    .   (shield unavailable)
rNeg     . . .     Faith    .   (armour unavailable)
rPois    +         Spirit   .   (helmet unavailable)
rElec    .         Reflect  .   (cloak unavailable)
rCorr    +         Harm     .   (gloves unavailable)
MR       ++++.                  (boots unavailable)
Stlth    +++++.....             V - amulet of the acrobat
HPRegen  1.23/turn              S - ring of resist corrosion
MPRegen  0.18/turn              W - ring of poison resistance

@: lethally poisoned (-4 -> -10), regenerating, quick
A: very small, no armour, no weapons or thrown items, stealth, claws 1, fangs 3,
see invisible, carnivore, speed 1, shaggy fur 3, slow metabolism 1, sharp paws
a: Berserk, Trog's Hand, Brothers in Arms, Renounce Religion


You were on level 2 of the Spider Nest.
You worshipped Trog.
Trog was exalted by your worship.
You were not hungry.

You visited 4 branches of the dungeon, and saw 25 of its levels.
You also visited: Ice Cave.

You collected 2753 gold pieces.
You spent 1389 gold pieces at shops.

Inventory:

Jewellery
 c - an uncursed ring of protection from fire
 f - a +3 ring of dexterity
 g - an uncursed ring of protection from cold
 r - an uncursed ring of protection from cold
 C - an uncursed ring of stealth
 H - a +2 ring of protection
 M - an uncursed ring of magical power
 P - an uncursed ring of stealth
 S - a ring of resist corrosion (left paw)
 T - an uncursed ring of protection from magic
 V - an amulet of the acrobat (around neck)
 W - a ring of poison resistance (right paw)
Wands
 i - a wand of flame (50)
 p - a wand of polymorph (25)
 q - a wand of iceblast (12)
 t - a wand of random effects (41)
 v - a wand of paralysis (5)
 E - a wand of disintegration (23)
 K - a wand of digging (11)
Scrolls
 b - 3 scrolls of magic mapping
 h - 10 scrolls of identify
 l - 5 scrolls of fear
 m - 4 scrolls of teleportation
 n - 13 scrolls of remove curse
 o - a scroll of summoning {unknown}
 s - 2 scrolls of immolation {unknown}
 u - 2 scrolls of enchant weapon {unknown}
 w - a scroll of torment {unknown}
 x - a scroll of holy word {unknown}
 y - a scroll of fog
 z - 2 scrolls of blinking
 D - a scroll of brand weapon {unknown}
 J - 2 scrolls of acquirement {unknown}
 N - 3 scrolls of noise {unknown}
 O - a scroll of vulnerability {unknown}
Potions
 d - 5 potions of mutation
 e - 3 potions of flight
 j - 7 potions of haste
 k - 4 potions of brilliance
 A - 3 potions of curing
 B - 3 potions of resistance
 F - a potion of heal wounds
 G - 3 potions of ambrosia
 I - 2 potions of stabbing
 Q - 5 potions of lignification
 R - 3 potions of might
 U - a potion of invisibility
Miscellaneous
 L - a lightning rod (4/4)
Comestibles
 a - 40 rations


   Skills:
 + Level 18.1 Fighting
 - Level 16.0 Dodging
 - Level 10.0 Stealth
 + Level 15.0 Unarmed Combat
 - Level 10.0 Evocations


You had 13 spell levels left.
You didn't know any spells.
Your spell library was empty.

Dungeon Overview and Level Annotations

Branches:
Dungeon (15/15)            Temple (0/1) D:5            Lair (6/6) D:10
 Shoals (0/4) Lair:4       Spider (2/4) Lair:3        Slime (0/5) Lair:5
    Orc (2/2) D:11            Elf (0/3) Orc:2        Vaults (0/5) D:13
 Depths (0/5) D:15          IceCv (visited)

Altars:
Ashenzari
Cheibriados
Dithmenos
Fedhas
Makhleb
Nemelex Xobeh
Okawaru
Ru
Sif Muna
Trog
Wu Jian
Xom
Zin
The Shining One
Beogh
Jiyva

Shops:
D:4 }   D:10 *?:(%   Orc:2 ==(}!

Annotations:
D:9 exclusion: oklob plant
D:14 1 runed translucent door, Niteosou's ghost, journeyman VSBe
Lair:1 exclusion: oklob plant
Lair:5 exclusion: oklob plant


Innate Abilities, Weirdness & Mutations

You cannot wear armour.
You are incapable of wielding weapons or throwing items.
Your paws allow you to move quietly. (Stealth)
You have sharp claws.
You have razor-sharp teeth.
You have supernaturally acute eyesight. (SInv)
You are carnivorous and can eat meat at any time.
You cover ground quickly.
Your thick and shaggy fur keeps you warm. (AC +3, rC+)
You have a slow metabolism.
Your sharp claws are effective at attacking unaware monsters.


Message History

You barely miss the wolf spider.
The wolf spider is lightly wounded.
The wolf spider hits you!! The wolf spider bites you.
* * * LOW HITPOINT WARNING * * *
You are poisoned.
The wolf spider poisons you!
You mangle the wolf spider!!
You bite the wolf spider, but do no damage.
The wolf spider is moderately wounded.
You feel sick. The wolf spider hits you.
* * * LOW HITPOINT WARNING * * *
The wolf spider completely misses you.
You mangle the wolf spider!!
The wolf spider is severely wounded.
You feel sick. The wolf spider closely misses you. The wolf spider bites you.
* * * LOW HITPOINT WARNING * * *
You scratch the wolf spider.
The wolf spider is severely wounded.
You feel sick. The wolf spider hits you!!
You die...

..............#.........
#.......................
.#^.................:...
##...#...###...^.......
#..$...##.##..........
##.#..##...##....#...#
####.#....(#..^##.###
#s#.....#.^#####
#@###.###.^# #.# #.#
#..# #.###'###..#
#..........#
##.^.......# ###########


You could see a wolf spider.

Vanquished Creatures
  3 tengu reavers (D:12)
  An entropy weaver (Lair:5)
  2 vampire knights
  A yaktaur captain (D:15)
  A great orb of eyes (D:12)
  5 vault guards
  8 hydras
  3 centaur warriors
  Erica (D:8)
  A queen ant (Lair:5)
  4 two-headed ogres
  Urug (D:11)
  An orc high priest (Orc:1)
  3 unseen horrors
  A deep elf archer (D:13)
  A wizard (D:15)
  16 ugly things
  A phantasmal warrior (D:12)
  4 orb spiders
  3 deep elf magi (D:12)
  5 orc knights
  13 orc sorcerers
  A cyclops (D:12)
  5 wolf spiders
  4 manticores
  4 black mambas
  2 ice statues (IceCv)
  5 elephants
  4 spiny frogs
  Maggie (D:8)
  2 torpor snails
  5 komodo dragons
  2 gargoyles
  4 demonic crawlers
  An efreet (D:15)
  3 yaktaurs
  A kobold demonologist (D:14)
  A tengu conjurer (D:15)
  8 ice devils (IceCv)
  A harpy zombie (D:15)
  3 freezing wraiths (Spider:2)
  16 jumping spiders
  A polar bear (Lair:6)
  6 trolls
  A wolf spider simulacrum (D:15)
  A tyrant leech (D:15)
  5 hornets
  A dream sheep (Lair:6)
  13 blink frogs
  A dream sheep (shapeshifter) (D:14)
  9 slime creatures
  12 hippogriffs
  Sigmund (D:2)
  23 redbacks
  8 spriggans
  3 vampires
  2 wyverns
  8 tarantellas
  A shadow (D:11)
  51 yaks
  3 hungry ghosts
  A human (D:13)
  5 basilisks
  5 vampire mosquitoes
  11 wargs
  16 soldier ants
  15 water moccasins
  11 porcupines
  5 black bears
  5 sky beasts
  A phantom (D:9)
  2 ice beasts
  27 orc warriors
  2 eyes of draining (D:12)
  2 boggarts
  4 necrophages
  12 ogres
  10 crocodiles
  23 wolves
  16 centaurs
  Blork the orc (D:4)
  A big kobold (D:7)
  17 bullfrogs
  2 gnoll sergeants
  A water moccasin skeleton (D:11)
  5 scorpions
  12 killer bees
  21 wights
  3 howler monkeys (D:8)
  An electric eel (Spider:1)
  10 crimson imps
  4 centaur zombies
  2 bullfrog zombies (D:8)
  7 hounds
  5 jellies
  Crazy Yiuf (D:3)
  10 orc priests
  3 iguanas
  35 orc wizards
  4 centaur skeletons
  A gnoll shaman (D:8)
  Terence (D:2)
  27 worker ants
  2 hound skeletons
  A mummy (D:6)
  2 worker ant zombies
  17 gnolls
  A howler monkey skeleton (D:5)
  A howler monkey zombie (D:5)
  13 adders
  2 shadow imps
  8 white imps (IceCv)
  7 ufetubi (IceCv)
  An ooze (D:5)
  3 worms
  2 dart slugs
  7 leopard geckos
  108 orcs
  3 ball pythons
  10 bats
  6 giant cockroaches
  11 goblins
  9 hobgoblins
  14 jackals
  6 quokkas
  5 frilled lizards
  A jackal skeleton (D:6)
  18 kobolds
  A kobold zombie (D:6)
  A leopard gecko zombie (D:5)
  3 orc zombies (D:6)
  8 rats
920 creatures vanquished.

Vanquished Creatures (collateral kills)
  An entropy weaver (Spider:1)
  A spiny frog (Lair:6)
  A polar bear (Lair:6)
  3 hornets (Lair:6)
  A dream sheep (Lair:6)
  5 spriggans (Lair:6)
  A redback (Spider:1)
  2 soldier ants (Lair:5)
  A black bear (Lair:6)
  A boggart (Lair:6)
  2 wolves (Lair:6)
19 creatures vanquished.

Vanquished Creatures (others)
  2 orc wizards (Orc:2)
  A white imp (IceCv)
  An ufetubus (IceCv)
  A bush (Lair:2)
  21 fungi
  6 plants
32 creatures vanquished.

Grand Total: 971 creatures vanquished

Notes
Turn   | Place    | Note
-------+----------+-------------------------------------------
     0 | D:1      | MisterFreud the Felid Berserker began the quest for the
                  | Orb.
     0 | D:1      | Reached XP level 1. HP: 10/10 MP: 2/2
   290 | D:1      | Reached XP level 2. HP: 14/14 MP: 3/3
   475 | D:1      | Reached skill level 4 in Fighting
   558 | D:1      | Reached ** piety under Trog
   782 | D:1      | Reached XP level 3. HP: 14/18 MP: 4/4
  1217 | D:2      | Noticed Terence
  1515 | D:2      | Killed Terence
  1515 | D:2      | Reached skill level 5 in Fighting
  1515 | D:2      | Reached XP level 4. HP: 8/23 MP: 5/5
  1520 | D:2      | HP: 1/23 [poisoned by an adder]
  1644 | D:2      | Found a glowing silver altar of Zin.
  1652 | D:2      | Found a snail-covered altar of Cheibriados.
  2097 | D:3      | Found a bloodstained altar of Trog.
  2098 | D:3      | Found a shimmering altar of Xom.
  2100 | D:3      | Found a burning altar of Makhleb.
  2134 | D:3      | Reached skill level 1 in Stealth
  2134 | D:3      | Reached XP level 5. HP: 24/26 MP: 6/6
  2338 | D:3      | Found a blossoming altar of Fedhas.
  2348 | D:2      | Noticed Sigmund
  2361 | D:2      | Killed Sigmund
  2361 | D:2      | Reached skill level 5 in Dodging
  2361 | D:2      | Gained mutation: You are covered in thick fur. (AC +2)
                  | [Felid growth]
  2361 | D:2      | Reached XP level 6. HP: 31/31 MP: 7/7
  2830 | D:3      | Found a runed translucent door.
  2831 | D:3      | Noticed Crazy Yiuf
  2914 | D:3      | Found a glowing golden altar of the Shining One.
  3004 | D:3      | Killed Crazy Yiuf
  3157 | D:3      | Found a sacrificial altar of Ru.
  3159 | D:3      | Found a sparkling altar of Nemelex Xobeh.
  3159 | D:3      | Found a shattered altar of Ashenzari.
  3162 | D:3      | Found a shimmering blue altar of Sif Muna.
  3163 | D:3      | Found an iron altar of Okawaru.
  3373 | D:4      | Reached skill level 6 in Fighting
  3444 | D:4      | Found a shimmering altar of Xom.
  3453 | D:4      | Found Eclaelin's Gadget Shoppe.
  3456 | D:4      | Reached *** piety under Trog
  3486 | D:4      | Noticed Blork the orc
  3525 | D:4      | Reached XP level 7. HP: 27/34 MP: 8/8
  3840 | D:4      | Killed Blork the orc
  4112 | D:5      | Entered Level 5 of the Dungeon
  4249 | D:5      | Found a staircase to the Ecumenical Temple.
  4253 | D:5      | Reached skill level 5 in Stealth
  4342 | D:5      | Found a sacrificial altar of Ru.
  4517 | D:5      | Reached skill level 5 in Unarmed Combat
  4957 | D:6      | Reached XP level 8. HP: 34/38 MP: 9/9
  5724 | D:6      | Reached skill level 10 in Dodging
  6067 | D:7      | Reached **** piety under Trog
  6067 | D:7      | Reached skill level 1 in Evocations
  6151 | D:7      | Reached XP level 9. HP: 35/41 MP: 9/11
  7543 | D:8      | Noticed Erica
  7788 | D:8      | Noticed a white ugly thing
  7788 | D:8      | Noticed a red ugly thing
  7789 | D:8      | Noticed a green ugly thing
  7977 | D:8      | Reached skill level 7 in Fighting
  8002 | D:8      | HP: 2/43 [Erica/bolt of poison (26)]
  8006 | D:8      | Killed Erica
  8006 | D:8      | Reached XP level 10. HP: 1/47 MP: 12/14
  8007 | D:8      | HP: 1/47 [poisoned by Erica (bolt of poison)]
  8008 | D:8      | Succumbed to Erica's bolt of poison
  8009 | D:8      | Reached XP level 9. HP: 0/43 MP: 12/13
  8009 | D:8      | Found an ornate altar of the Wu Jian Council.
  8181 | D:8      | Noticed Maggie
  8194 | D:8      | Killed Maggie
  8597 | D:9      | Reached skill level 5 in Evocations
  8717 | D:9      | Reached skill level 8 in Fighting
  8775 | D:9      | Reached XP level 10. HP: 39/48 MP: 14/14
  8876 | D:10     | Entered Level 10 of the Dungeon
  9097 | D:9      | Found a glowing silver altar of Zin.
  9097 | D:9      | Noticed an oklob plant
  9277 | D:10     | Found Popratue's Magic Scroll Emporium.
  9282 | D:10     | Bought a scroll of fog for 22 gold pieces
  9282 | D:10     | Bought a scroll of teleportation for 33 gold pieces
  9282 | D:10     | Bought a scroll of blinking for 82 gold pieces
  9282 | D:10     | Bought a scroll of fear for 38 gold pieces
  9295 | D:10     | Found Teptyf's Weapon Shoppe.
  9412 | D:9      | Reached skill level 9 in Fighting
  9476 | D:9      | Reached skill level 10 in Stealth
  9819 | D:10     | Noticed an unseen horror
  9837 | D:10     | Killed an unseen horror
  9837 | D:10     | Reached ***** piety under Trog
  9999 | D:10     | Found a staircase to the Lair.
 10015 | D:10     | Reached XP level 11. HP: 52/53 MP: 15/15
 10150 | D:10     | Found Xosut's General Store.
 10154 | D:10     | Bought a potion of curing for 39 gold pieces
 10154 | D:10     | Bought a scroll of magic mapping for 45 gold pieces
 10338 | D:10     | Found Vaimuurch's Food Shop.
 10412 | D:10     | Found Pahun Titio's Book Shop.
 10412 | D:10     | You fall into a shaft and drop 3 floors!
 10485 | D:13     | Noticed a vault guard
 10485 | D:13     | Noticed a deep elf archer
 10486 | D:13     | Noticed a two-headed ogre
 10586 | D:13     | Noticed a brown ugly thing
 10588 | D:13     | Noticed a seven-headed hydra
 10588 | D:13     | Noticed an unseen horror
 10661 | D:13     | Noticed a two-headed ogre
 11100 | D:11     | Reached skill level 10 in Fighting
 11100 | D:11     | Reached skill level 10 in Unarmed Combat
 11312 | D:11     | Noticed a green ugly thing
 11579 | D:12     | Noticed a deep elf mage
 11585 | D:12     | Reached skill level 11 in Fighting
 11779 | D:11     | Noticed a cyan ugly thing
 11782 | D:11     | Killed a cyan ugly thing
 11954 | D:11     | Killed a green ugly thing
 11954 | D:11     | Reached skill level 12 in Fighting
 12141 | D:11     | Found a staircase to the Orcish Mines.
 12446 | Lair:1   | Entered Level 1 of the Lair of Beasts
 12699 | Lair:1   | Noticed an oklob plant
 13795 | Lair:2   | Gained mutation: Your thick and shaggy fur keeps you warm.
                  | (AC +3, rC+) [Felid growth]
 13795 | Lair:2   | Reached XP level 12. HP: 40/61 MP: 17/17
 13952 | Lair:2   | Noticed an eight-headed hydra
 13959 | Lair:2   | Killed an eight-headed hydra
 14769 | Lair:3   | Noticed a four-headed hydra
 14777 | Lair:3   | Killed a four-headed hydra
 15391 | Lair:3   | HP: 3/61 [poisoned by a black mamba]
 15637 | Lair:3   | Found a hole to the Spider Nest.
 16767 | Lair:4   | Found a staircase to the Shoals.
 17154 | Lair:4   | Reached skill level 13 in Fighting
 17635 | Lair:5   | Noticed a seven-headed hydra
 17677 | Lair:5   | Killed a seven-headed hydra
 17986 | Lair:5   | Found a staircase to the Slime Pits.
 17986 | Lair:5   | Found a viscous altar of Jiyva.
 19312 | Lair:5   | Noticed an entropy weaver
 19356 | Lair:5   | Killed an entropy weaver
 19356 | Lair:5   | Reached XP level 13. HP: 14/66 MP: 20/20
 19491 | Lair:5   | Noticed an entropy weaver
 21203 | D:12     | Noticed a tengu reaver
 21208 | D:12     | Killed a tengu reaver
 21319 | D:12     | Slain by a phantasmal warrior
 21320 | D:12     | Reached XP level 12. HP: -5/63 MP: 19/19
 21320 | D:12     | Upgraded the game from 0.25-a0-668-gea548f19b6 to
                  | 0.25-a0-670-g50981ef59b
 21627 | D:12     | Noticed a six-headed hydra
 21637 | D:12     | Killed a six-headed hydra
 22004 | D:12     | Noticed a seven-headed hydra
 22010 | D:12     | Killed a seven-headed hydra
 22236 | D:12     | Noticed a tengu reaver
 22251 | D:12     | Killed a tengu reaver
 22599 | D:12     | Noticed a tengu reaver
 22826 | D:12     | Identified the +6 war axe "Uhak" {elec, Dex+3}
 22840 | D:12     | Killed a tengu reaver
 22840 | D:12     | Reached XP level 13. HP: 21/67 MP: 21/21
 23021 | D:12     | Reached skill level 15 in Dodging
 23250 | D:13     | Reached skill level 14 in Fighting
 23565 | D:13     | Reached skill level 10 in Evocations
 25350 | D:13     | Found a gate to the Vaults.
 25819 | D:13     | Reached skill level 15 in Fighting
 26026 | D:14     | Found a runed translucent door.
 26026 | D:14     | Found a shimmering altar of Xom.
 26026 | D:14     | Noticed Niteosou's ghost (journeyman VSBe)
 26026 | D:14     | Identified the +2 broad axe of Conformity {chaos, +Inv
                  | Int+3 Stlth+}
 26692 | D:14     | Reached XP level 14. HP: 32/73 MP: 22/22
 27059 | D:14     | Found a shadowy altar of Dithmenos.
 27175 | D:14     | Reached skill level 16 in Fighting
 27745 | D:15     | Entered Level 15 of the Dungeon
 28313 | D:15     | Noticed a vampire knight
 28356 | D:14     | Killed a vampire knight
 28892 | D:15     | Found the +12 Vampire's Tooth {vamp}
 28904 | D:15     | Noticed a vampire knight
 28938 | D:15     | HP: 3/75 [vampire knight/+0 great sword (12)]
 29273 | Orc:1    | Entered Level 1 of the Orcish Mines
 30009 | Orc:1    | Noticed Urug
 30292 | D:11     | Killed Urug
 30649 | Orc:2    | Entered Level 2 of the Orcish Mines
 31757 | Orc:2    | Found a staircase to the Elven Halls.
 31919 | Orc:2    | Found a roughly hewn altar of Beogh.
 31927 | Orc:2    | Found Quots's Distillery.
 31927 | Orc:2    | Found Jurphulek's Gadget Boutique.
 32586 | Orc:2    | Bought a potion of heal wounds for 50 gold pieces
 32586 | Orc:2    | Bought a potion of heal wounds for 50 gold pieces
 32586 | Orc:2    | Bought a potion of might for 40 gold pieces
 32586 | Orc:2    | Bought a potion of invisibility for 80 gold pieces
 32586 | Orc:2    | Bought a potion of might for 40 gold pieces
 32586 | Orc:2    | Bought a potion of haste for 100 gold pieces
 32917 | Orc:2    | Found Iluzie's Jewellery Boutique.
 33229 | Orc:2    | Reached ****** piety under Trog
 33353 | Orc:2    | Found Hettea's Antique Weapon Emporium.
 33353 | Orc:2    | Found Geibeos's Jewellery Boutique.
 33423 | Orc:2    | Bought an uncursed amulet of the acrobat for 450 gold
                  | pieces
 34162 | Lair:6   | Entered Level 6 of the Lair of Beasts
 34318 | Lair:6   | Slain by a spriggan rider
 34319 | Lair:6   | Reached XP level 13. HP: -4/71 MP: 21/21
 34892 | Lair:6   | Reached skill level 17 in Fighting
 35127 | Lair:6   | Reached XP level 14. HP: 76/76 MP: 22/22
 36092 | D:15     | Killed a vampire knight
 36822 | D:15     | Found a staircase to the Depths.
 37185 | Orc:2    | Bought an uncursed ring of poison resistance for 320 gold
                  | pieces
 37327 | Spider:1 | Entered Level 1 of the Spider Nest
 39436 | Spider:2 | Noticed an entropy weaver
 39496 | Spider:1 | Killed an entropy weaver
 39553 | Spider:1 | Reached skill level 18 in Fighting
 39759 | Spider:2 | Found a frozen archway.
 39778 | IceCv    | Entered an ice cave
 40408 | IceCv    | Reached XP level 15. HP: 69/81 MP: 23/23
 40585 | IceCv    | Noticed an Ice Fiend
 40587 | IceCv    | Noticed an Ice Fiend
 40600 | IceCv    | HP: 3/81 [Ice Fiend (20)]
 40600 | IceCv    | Slain by an Ice Fiend
 40601 | IceCv    | Reached XP level 14. HP: -4/78 MP: 22/22
 40683 | Spider:2 | Reached skill level 15 in Unarmed Combat
 40736 | Spider:2 | Slain by a wolf spider

Levels and vault maps discovered:
D:1:      lightli_iron_boxes, layout_loops_ring, serial_bayou_lake_a
D:2:      layout_basic, lemuel_doored_altar, cheibriados_altar_1, first_ration,
          uniq_sigmund, uniq_terence
D:3:      layout_loops_ring, minitemple,
          chequers_temple_overflow_statue_of_worship, fedhas_ov_isle_minmay,
          uniq_crazy_yiuf_cottage
D:4:      layout_basic, serial_shops, shop, xom_teletrap_fun, uniq_blork_the_orc
D:5:      layout_basic, temple_statues, nicolae_ru_awakened_eye
D:6:      layout_basic, minmay_mini_ossuary
D:7:      layout_loops_cross
D:8:      layout_basic, kennysheep_mini_moat, minivault_12, uniq_erica,
          uniq_maggie
D:9:      layout_basic, lemuel_oklob_altar
D:10:     layout_loops_cross, due_lair_maze_entry_diamond, serial_shops,
          nicolae_shop_window_shopping, nicolae_shop_trees,
          kennysheep_little_box, shop, shop
D:11:     layout_roguey, hiddenorc1_lemuel, the_bakery
D:12:     minmay_octo_star, layout_cave_pods, gauntlet_entry_generic,
          minmay_fractal_squares_gapless_5
D:13:     layout_roguey, grunt_vaults_entry_fortified
D:14:     layout_stronghold, ebering_ghost_xom, nicolae_dithmenos_the_darkroom
D:15:     grunt_enter_depths_snipers, layout_small_grid,
          minmay_guarded_unrand_vampires_tooth
Lair:1:   layout_cave_pods, minmay_lair_oklob_items
Lair:2:   layout_small_grid
Lair:3:   layout_cave_pods, spider_nest_entry_web_field
Lair:4:   layout_gridlike, shoals_dummy_entry
Lair:5:   layout_small_grid, slime_altar_1, st_stairs_12, zaba_antful_of_joy,
          grunt_megastairs_3, minmay_lair_oklob_chamber
Lair:6:   minmay_lair_end_enchanted_forest, layout_long_grid,
          kennysheep_basilisk_garden
Spider:1: layout_spider_delve
Spider:2: layout_spider_delve, portal_ice_cave_entry_frozen_things, drop_trap
Orc:1:    layout_caves, sword_in_stone
Orc:2:    st_orc_town, layout_caves, serial_shops, nicolae_shop_crystal

Skill      XL: |  1  2  3  4  5  6  7  8  9 10 11 12 13 14 |
---------------+-------------------------------------------+-----
Fighting       | 4 5 6 8 9 12 13 17 18 | 18.1
Stealth        | 1 3 4 6 8 10 | 10.0
Dodging        | 5 7 10 12 13 16 | 16.0
Unarmed Combat | 4 5 6 8 9 10 12 15 | 15.0
Evocations     | 1 5 9 10 | 10.0

Action                   |  1- 3 |  4- 6 |  7- 9 | 10-12 | 13-15 || total
-------------------------+-------+-------+-------+-------+-------++-------
Melee: Unarmed           |   141 |   161 |   540 |   975 |  1804 ||  3621
       Bite              |    12 |    12 |    65 |   129 |   244 ||   462
       Punch             |     1 |     2 |    15 |    53 |   130 ||   201
Invok: Berserk           |     2 |     3 |    17 |    29 |    62 ||   113
       Trog's Hand       |       |     4 |     8 |    24 |    30 ||    66
       Brothers in Arms  |       |       |       |     2 |     3 ||     5
Evoke: Wand              |       |       |       |    10 |    16 ||    26
       Lightning rod     |       |       |       |     2 |     2 ||     4
  Use: Scroll            |       |       |     7 |     9 |     6 ||    22
       Potion            |       |       |     2 |     1 |     2 ||     5
 Stab: Sleeping          |     3 |     9 |    22 |    41 |    42 ||   117
       Distracted        |       |       |     2 |    12 |    13 ||    27
       Paralysed         |       |       |       |     4 |     1 ||     5
  Eat: Chunk             |     8 |     8 |    27 |    59 |    95 ||   197
       Ration            |       |       |       |       |     5 ||     5
Armor: Skin              |    11 |     9 |    13 |    25 |    68 ||   126
Dodge: Dodged            |   153 |   111 |   467 |   916 |  2009 ||  3656

Table legend:
 A = Non-vault XP
 B = Vault XP
 C = Vault XP percentage of total XP
 D = Non-vault monster count
 E = Vault monster count
 F = Vault count percentage of total count
                 A         B        C        D         E       F
            +---------+---------+-------+---------+---------+-------
      Total |  105634 |   58746 |  35.7 |     679 |     261 |  27.8
            +---------+---------+-------+---------+---------+-------
        D:1 |      53 |       0 |   0.0 |      34 |       0 |   0.0
        D:2 |      72 |     278 |  79.4 |      20 |       2 |   9.1
        D:3 |      99 |      41 |  29.3 |      28 |       1 |   3.4
        D:4 |     217 |      99 |  31.3 |      16 |       1 |   5.9
        D:5 |     412 |       0 |   0.0 |      13 |       0 |   0.0
        D:6 |    1109 |      22 |   1.9 |      23 |       5 |  17.9
        D:7 |    1079 |       0 |   0.0 |      28 |       0 |   0.0
        D:8 |    1751 |    1365 |  43.8 |      45 |       2 |   4.3
        D:9 |    5655 |       0 |   0.0 |      50 |       0 |   0.0
       D:10 |    1406 |     867 |  38.1 |       9 |       9 |  50.0
       D:11 |    6260 |    2070 |  24.8 |      48 |      21 |  30.4
       D:12 |    6281 |   13011 |  67.4 |      31 |      17 |  35.4
       D:13 |    9662 |    6360 |  39.7 |      34 |       9 |  20.9
       D:14 |   14837 |    1384 |   8.5 |      52 |       1 |   1.9
       D:15 |    6756 |    4971 |  42.4 |      18 |      10 |  35.7
     Lair:1 |    3588 |       0 |   0.0 |      20 |       0 |   0.0
     Lair:2 |    3979 |       0 |   0.0 |      17 |       0 |   0.0
     Lair:3 |    5452 |       0 |   0.0 |      22 |       0 |   0.0
     Lair:4 |    2018 |    1387 |  40.7 |      11 |      11 |  50.0
     Lair:5 |    1997 |    6309 |  76.0 |      10 |      30 |  75.0
     Lair:6 |    5699 |    8024 |  58.5 |      21 |      47 |  69.1
   Spider:1 |   15724 |       0 |   0.0 |      51 |       0 |   0.0
   Spider:2 |    3948 |    1009 |  20.4 |      14 |       3 |  17.6
      Orc:1 |    3587 |    2363 |  39.7 |      38 |      16 |  29.6
      Orc:2 |    3993 |    5493 |  57.9 |      26 |      51 |  66.2
      IceCv |       0 |    3693 | 100.0 |       0 |      25 | 100.0
            +---------+---------+-------+---------+---------+-------
